AoeStats
← GingerChook

Glade

503516765Analyzed
1v1 RM · 1mo ago on Sep 1, 2026· 43m 31s· 2 players
Game mode
Random Map
Map size
Tiny (2 player)
Population
200
Speed
Normal
Resources
Standard
Victory
Conquest
Starting age
Dark Age
Ending age
Imperial Age
RankedLock teamsTeams togetherTeam positionsShared explorationLock speedFull tech treeHidden civsTurbo modeCheats
Victory
Defeat
🇺🇸 Mongols · United States
659
+14
🇦🇺 Britons · Australia
623
-14
GingerChook
8:04 Loom
10:07 Feudal Age
10:40 Double-Bit Axe
12:08 Horse Collar
13:33 Man-at-Arms
16:53 Forging
16:44 Scale Mail Armor
16:36 Town Watch
23:49 Castle Age
24:56 Wheelbarrow
24:43 Squires
24:58 Heavy Plow
24:56 Gold Mining
24:59 Stone Mining
25:28 Bow Saw
26:36 Gold Shaft Mining
26:19 Hand Cart
29:38 Padded Archer Armor
29:31 Fletching
30:15 Treadmill Crane
30:46 Masonry
30:56 Murder Holes
33:18 Ballistics
33:33 Bodkin Arrow
33:54 Leather Archer Armor
34:39 Yeomen
35:02 Town Patrol
39:29 Imperial Age
37:41 Iron Casting
40:13 Elite Longbowman
41:21 Conscription
41:34 Architecture
42:06 Chemistry
42:09 Fortified Wall
42:25 Warwolf
42:37 Siege Engineers
43:14 Sappers
authorizedservant
7:27 Loom
10:29 Feudal Age
12:10 Double-Bit Axe
13:12 Horse Collar
15:01 Bloodlines
18:01 Fletching
18:12 Padded Archer Armor
20:37 Castle Age
18:56 Gold Mining
21:13 Crossbowman
21:59 Thumb Ring
21:57 Bodkin Arrow
23:15 Town Watch
23:51 Bow Saw
24:20 Heavy Plow
25:30 Scale Barding Armor
29:28 Wheelbarrow
29:16 Husbandry
31:20 Leather Archer Armor
31:27 Chain Barding Armor
31:46 Stone Mining
35:18 Forging
39:05 Imperial Age
39:12 Imperial Age
37:48 Ballistics
40:56 Chemistry
41:13 Cavalier
42:15 Bracer
42:52 Iron Casting
Connection lost

Rejoining the realm…

Still unreachable

The connection could not be restored.

Session expired

The server has moved on; the page needs a fresh start.